 Dungeon Crawl Stone Soup version 0.21.1-74-g47da925 (console) character file.

140 toffzen the Covered (level 5, -12/46 HPs)
             Began as a Minotaur Fighter on Aug 17, 2018.
             Was an Initiate of Gozag.
             Mangled by an ogre
             ... wielding a +0 giant club
              (20 damage)
             ... on level 3 of the Dungeon.
             The game lasted 00:04:37 (2667 turns).

toffzen the Covered (Minotaur Fighter)              Turns: 2667, Time: 00:04:38

Health: -12/46     AC:  7    Str: 26    XL:     5   Next: 2%
Magic:  4/4        EV:  8    Int:  5    God:    Gozag
Gold:   260        SH: 10    Dex: 10    Spells: 4/4 levels left

rFire    . . .     SeeInvis .   a - +0 war axe
rCold    . . .     Gourm    .   c - +0 shield
rNeg     . . .     Faith    .   b - +0 scale mail
rPois    .         Spirit   .   (helmet restricted)
rElec    .         Reflect  .   (no cloak)
rCorr    .         Harm     .   (no gloves)
MR       .....                  (no boots)
Stlth    ..........             (no amulet)
HPRegen  0.15/turn              (no ring)
MPRegen  0.09/turn              (no ring)

@: mighty
A: retaliatory headbutt, horns 2
a: Potion Petition, Call Merchant, Bribe Branch, Renounce Religion


You were on level 3 of the Dungeon.
You worshipped Gozag.
Gozag was aware of your devotion.
You were not hungry.

You visited 1 branch of the dungeon, and saw 3 of its levels.

You collected 266 gold pieces.
You paid 6 gold pieces to Gozag.

Inventory:

Hand Weapons
 a - a +0 war axe (weapon)
 e - a +0 hunting sling
Missiles
 g - 39 stones (quivered)
 n - 16 sling bullets
Armour
 b - a +0 scale mail (worn)
 c - a +0 shield (worn)
Scrolls
 h - a scroll of random uselessness {unknown}
 i - a scroll of fear {unknown}
 k - a scroll of amnesia {unknown}
 l - 3 scrolls of magic mapping
 o - a scroll of noise {unknown}
 p - 2 scrolls of teleportation {unknown}
 q - a scroll of fog {unknown}
 r - 2 scrolls of remove curse {unknown}
Potions
 j - a potion of degeneration
 m - 2 potions of brilliance
 s - 2 potions of curing
 t - a potion of resistance
Comestibles
 f - 5 rations


   Skills:
 + Level 4.2 Fighting
 * Level 4.3 Axes
 + Level 4.3 Armour
 + Level 1.7 Dodging
 + Level 4.2 Shields


You had 4 spell levels left.
You didn't know any spells.

Dungeon Overview and Level Annotations

Branches:
Dungeon (3/15)

Altars:
Cheibriados
Gozag


Innate Abilities, Weirdness & Mutations

You reflexively headbutt those who attack you in melee.
You have a pair of horns on your head.


Message History

The adder hisses angrily.
The ogre barely misses you.
You slash the ogre!
The ogre is heavily wounded.
The ogre hits you with a giant club!
Okay, then.
You feel very mighty all of a sudden. The ogre hits you with a giant club!
You are too injured to fight recklessly!
You are too injured to fight recklessly!
You are too injured to fight recklessly!
You barely miss the ogre.
The ogre is heavily wounded.
The ogre hits you with a giant club!
* * * LOW HITPOINT WARNING * * *
Your shield and scale mail prevent you from hitting the ogre.
The ogre is heavily wounded.
The ogre hits you with a giant club!!
You die...
Your body crumbles into a pile of gold.

..# #.# #.##.##.....#.#
..######.#######...##....#.#
.............##.....##.....#
..######.###.#.......#.#####
.## #.#......._.....#
.#######.#.#.#(......###
..[....#.#.#.##.....##
######.#.#.#####...##$
#.#.#.#...##.##
#.#.#.#.##...# #.#
..#.##.@##
#.#####.##..OS...#
#.......########## #######.#
###


You could see an ogre and an adder.

Vanquished Creatures
  4 adders (D:2)
  2 oozes
  3 worms
  3 dart slugs
  A leopard gecko (D:2)
  9 orcs (D:3)
  2 giant cockroaches
  6 goblins
  6 hobgoblins
  7 kobolds
  A quokka (D:3)
  14 bats
  6 frilled lizards
  14 rats
78 creatures vanquished.

Notes
Turn   | Place    | Note
-------+----------+-------------------------------------------
     0 | D:1      | toffzen the Minotaur Fighter began the quest for the Orb.
     0 | D:1      | Reached XP level 1. HP: 19/19 MP: 0/0
   384 | D:1      | Reached XP level 2. HP: 27/27 MP: 1/1
  1082 | D:2      | Reached XP level 3. HP: 33/33 MP: 2/2
  1329 | D:2      | Reached skill level 1 in Dodging
  1568 | D:2      | Reached XP level 4. HP: 40/40 MP: 3/3
  1589 | D:2      | Found an opulent altar of Gozag.
  1924 | D:2      | Became a worshipper of Gozag Ym Sagoz the Greedy
  2550 | D:3      | Found a snail-covered altar of Cheibriados.
  2553 | D:3      | Reached XP level 5. HP: 46/46 MP: 4/4
  2660 | D:3      | Noticed an ogre
  2667 | D:3      | Mangled by an ogre

Skill      XL: |  1  2  3  4 |
---------------+-------------+-----
Axes           | 3 4 |  4.3
Fighting       | 4 |  4.2
Dodging        | 1 |  1.7
Armour         | 4 |  4.3
Shields        | 4 |  4.2

Action                   |  1- 3 |  4- 6 || total
-------------------------+-------+-------++-------
Melee: War axe           |   106 |    94 ||   200
       Headbutt          |    18 |    13 ||    31
Throw: Stone             |     2 |     1 ||     3
  Use: Scroll            |       |     5 ||     5
       Potion            |       |     1 ||     1
  Eat: Chunk             |     2 |     2 ||     4
       Ration            |       |     1 ||     1
Armor: Scale mail        |    43 |    38 ||    81
Dodge: Dodged            |    38 |    24 ||    62
Block: Shield            |    59 |    35 ||    94
